 Dungeon Crawl Stone Soup version 0.28-a0-563-gf77a47075d (webtiles) character file.

Game seed: 15727459231619342185

1580 pokedragonboy the Chopper (level 8, -3/51 HPs)
             Began as a Gargoyle Fighter on Sept 29, 2021.
             Was an Initiate of Hepliaklqana.
             Killed from afar by Ijyb (18 damage)
             ... with a bolt of acid
             ... on level 5 of the Dungeon.
             The game lasted 00:11:20 (7185 turns).

pokedragonboy the Chopper (Gargoyle Fighter)        Turns: 7185, Time: 00:11:21

Health: -3/51      AC: 17    Str: 22    XL:     8   Next: 91%
Magic:  11/11      EV:  8    Int:  9    God:    Hepliaklqana [......]
Gold:   337        SH:  4    Dex:  9    Spells: 7/7 levels left

rFire   . . .      SeeInvis .   a - +0 war axe
rCold   . . .      Faith    .   c - +0 buckler
rNeg    + + .      Spirit   .   g - +0 chain mail
rPois   ∞          Reflect  .   C - +0 hat
rElec   +          Harm     .   (no cloak)
rCorr   .          Rampage  .   (no gloves)
Will    .....                   r - +0 pair of boots
Stlth   ..........              (no amulet)
HPRegen 0.17/turn               t - ring of Ephemeral Luck {rElec rPois}
MPRegen 0.12/turn               y - ring of positive energy

@: no status effects
A: sickness immunity, AC +5, negative energy resistance 1, electricity
resistance, torment resistance 1, petrification resistance
a: Renounce Religion


You were on level 5 of the Dungeon.
You worshipped Hepliaklqana.
Hepliaklqana was noncommittal.
You visited 2 branches of the dungeon, and saw 7 of its levels.
You also visited: Sewer and Ossuary.

You collected 337 gold pieces.

Inventory:

Hand Weapons
 a - a +0 war axe (weapon)
 b - a +0 flail of protection
Missiles
 l - 2 atropa-tipped darts (quivered)
Armour
 c - a +0 buckler (worn)
 g - a +0 chain mail (worn)
 r - a +0 pair of boots (worn)
 C - a +0 hat (worn)
Jewellery
 t - the ring of Ephemeral Luck (left hand) {rElec rPois}
   (You found it on level 4 of the Dungeon)

   [ring of poison resistance]

   rElec:     It insulates you from electricity.
   rPois:     It protects you from poison.
 y - a ring of positive energy (right hand)
Wands
 v - a wand of flame (25)
 D - a wand of iceblast (10)
Scrolls
 e - 6 scrolls of teleportation
 h - 5 scrolls of identify
 j - a scroll of enchant armour {unknown}
 k - 3 scrolls of summoning
 o - a scroll of fog
 p - 3 scrolls of fear
 q - 3 scrolls of noise
 s - a scroll of magic mapping {unknown}
 w - a scroll of vulnerability {unknown}
 x - a scroll of silence {unknown}
Potions
 d - a potion of might
 f - 3 potions of haste
 i - 2 potions of mutation
 m - a potion of brilliance {unknown}
 n - 4 potions of flight
 u - a potion of lignification {unknown}
 z - a potion of experience {unknown}
 A - 2 potions of heal wounds
 B - 3 potions of curing
 E - 2 potions of attraction {unknown}


   Skills:
 + Level 6.1 Fighting
 * Level 6.4 Axes
 + Level 6.2 Armour
 - Level 4.0 Shields
 + Level 4.8 Invocations


You had 7 spell levels left.
You didn't know any spells.
Your spell library contained the following spells:

 Spells                   Type           Power      Damage    Failure   Level
 Freeze                   Ice            0%         1d3       96%         1
 Frozen Ramparts          Ice            0%         1d2       100%        3
 Hailstorm                Conj/Ice       0%         3d3       100%        4
 Borgnjor's Revivificati  Necr           0%         N/A       100%        8
 Necromutation            Tmut/Necr      0%         N/A       100%        8
 Death's Door             Necr           0%         N/A       100%        9


Dungeon Overview and Level Annotations

Branches:
Dungeon (6/15)             Temple (1/1) D:5           Sewer (visited)
Ossuary (visited)

Altars:
Ashenzari
Cheibriados
Dithmenos
Elyvilon
Fedhas
Gozag
Hepliaklqana
Kikubaaqudgha
Makhleb
Nemelex Xobeh
Okawaru
Qazlal
Ru
Sif Muna
Trog
Uskayaw
Vehumet
Wu Jian
Xom
Yredelemnul
Zin
The Shining One

Shops:
D:4 :

Annotations:
D:5 Ijyb


Innate Abilities, Weirdness & Mutations

You are immune to sickness and miasma.
Your stone body is resilient. (AC +5)
You are immune to poison.
You resist negative energy. (rN+)
You are resistant to electric shocks. (rElec)
You are resistant to unholy torment.
You are immune to petrification.


Message History

You slice the water moccasin zombie!!
The water moccasin zombie is severely damaged.
The water moccasin zombie barely misses you.
You slash the water moccasin zombie!
You destroy the water moccasin zombie!
No target in view!
No target in view!
No target in view!
No target in view!
No target in view!
Found a book of Frost.
You now have 337 gold pieces (gained 13).
A - 3 potions of heal wounds (gained 1)
E - 2 bubbling grey potions Ijyb the Twisted Goblin comes into view.
She is wielding a +0 club and carrying a wand of acid (6).
Found 8 gold pieces.
Ijyb zaps a wand.
The bolt of acid hits you!!
Ouch! That really hurt!
You feel better.
Okay, then.
Okay, then.
You feel much better. Ijyb hits you but does no damage.
You slash Ijyb!
Ijyb is moderately wounded.
Ijyb hits you with a +0 club.
You hit Ijyb.
Ijyb is heavily wounded.
Ijyb zaps a wand.
The bolt of acid misses you.
You closely miss Ijyb.
Ijyb is heavily wounded.
Ijyb hits you but does no damage.
You slash Ijyb!
Ijyb is severely wounded.
Ijyb zaps a wand.
The bolt of acid hits you!!
Ouch! That really hurt!
* * * LOW HITPOINT WARNING * * *
You closely miss Ijyb.
Ijyb is severely wounded.
Ijyb zaps a wand.
The bolt of acid hits you!!
You die...

#.######.# ####..# ## #
##.#### #..# #######.
##.#...#.###..###.......
#.......#..........###..
#######.#####.####.# ###
#.# #.# #.# #.# #<# #..#
## #.# #.# ##...#. #@#
#.. ####.#. ##.g..$..#
..###... #########.#
#.###### ...### #...####
###.# #.#### #. ..####
#. ###### #. ##... #.#.


You could see Ijyb.

Vanquished Creatures
  A wraith (Ossuary)
  Sigmund (D:5)
  Menkaure (D:5)
  An orc warrior (D:6)
  A black bear (D:4)
  An ogre (D:6)
  2 centaurs
  An elf zombie (Ossuary)
  A bullfrog (D:6)
  A water moccasin zombie (D:5)
  A howler monkey (D:6)
  2 orc priests
  2 jellies (D:5)
  A bullfrog skeleton (D:5)
  4 iguanas (D:5)
  A hound skeleton (D:4)
  3 mummies (Ossuary)
  A howler monkey skeleton (D:5)
  6 adders
  4 gnolls (D:6)
  An adder skeleton (D:4)
  5 worms
  A dart slug (D:3)
  12 orcs
  11 endoplasms
  6 giant cockroaches
  4 goblins
  4 hobgoblins
  8 jackals
  2 quokkas
  5 ball pythons
  7 bats
  7 frilled lizards
  A gnoll zombie (Ossuary)
  4 goblin zombies (Ossuary)
  3 hobgoblin zombies (Ossuary)
  2 kobolds
  5 kobold zombies (Ossuary)
  4 rats
128 creatures vanquished.

Notes
Turn   | Place    | Note
-------+----------+-------------------------------------------
     0 | D:1      | pokedragonboy the Gargoyle Fighter began the quest for the
                  | Orb.
     0 | D:1      | Reached XP level 1. HP: 14/14 MP: 1/1
   872 | D:1      | Reached XP level 2. HP: 19/19 MP: 2/2
  1342 | D:2      | Reached XP level 3. HP: 23/23 MP: 3/3
  1812 | D:3      | Found a faded altar of an unknown god.
  2190 | D:3      | Reached XP level 4. HP: 29/29 MP: 4/4
  2190 | D:3      | Found a glowing drain.
  2199 | Sewer    | Entered a sewer
  2417 | Sewer    | Reached skill level 1 in Invocations
  3483 | D:4      | Reached XP level 5. HP: 20/33 MP: 6/6
  3669 | D:4      | Found Tuynwo's Book Shop.
  3673 | D:4      | Identified the ring of Ephemeral Luck {rElec rPois}
  4160 | D:4      | Noticed a centaur
  4166 | D:4      | Killed a centaur
  4167 | D:4      | Reached XP level 6. HP: 35/39 MP: 7/7
  4283 | D:4      | Noticed a black bear
  4293 | D:4      | Killed a black bear
  4594 | D:4      | You fall into a shaft and drop 2 floors!
  4608 | D:6      | Found a shimmering blue altar of Sif Muna.
  4733 | D:6      | Noticed an orc warrior
  4748 | D:6      | Killed an orc warrior
  4749 | D:6      | Reached XP level 7. HP: 21/44 MP: 9/9
  4961 | D:6      | Reached skill level 5 in Fighting
  4961 | D:6      | Reached skill level 5 in Armour
  5090 | D:6      | Found a sand-covered staircase.
  5108 | Ossuary  | Entered an ossuary
  5108 | Ossuary  | Noticed a wraith
  5108 | Ossuary  | Noticed a wraith
  5108 | Ossuary  | Noticed a wraith
  5366 | Ossuary  | Reached skill level 5 in Axes
  5591 | Ossuary  | Noticed a wraith
  5605 | Ossuary  | Killed a wraith
  5606 | Ossuary  | Reached XP level 8. HP: 31/50 MP: 10/10
  5918 | D:5      | Entered Level 5 of the Dungeon
  5924 | D:5      | Found a staircase to the Ecumenical Temple.
  5968 | Temple   | Entered the Ecumenical Temple
  6243 | Temple   | Became a worshipper of Hepliaklqana the Forgotten
  6496 | D:5      | Noticed Menkaure
  6510 | D:5      | Killed Menkaure
  6828 | D:5      | Noticed Sigmund
  6839 | D:5      | Killed Sigmund
  7176 | D:5      | Noticed Ijyb
  7185 | D:5      | Killed from afar by Ijyb

Illustrated notes

Levels and vault maps discovered:
D:1:      dpeg_arrival_castle, layout_basic
D:2:      layout_basic, minmay_pentomino_o4
D:3:      layout_basic, portal_sewer_entry_d, basic_ecumenical_altar
D:4:      layout_loops_ring, serial_shops, shop_fountains, kennysheep_mini,
          minmay_large_rounded_square, uniq_edmund
D:5:      layout_loops_ring, minmay_temple_entry_crystal_x,
          serial_co_window_serial, co_window_paths_a, co_window_corner_a,
          co_window_paths_a, co_window_paths_b, co_window_of_opportunity_a,
          co_window_2corner, co_window_broadway_c, co_window_corner_b,
          co_window_2corner, co_window_2corner, co_window_of_opportunity_c,
          co_window_4corner_a, co_window_sun, glass_columns_a, glass_columns_a,
          glass_columns_a, glass_columns_c, glass_columns_b, uniq_sigmund,
          uniq_menkaure, uniq_ijyb
D:6:      gammafunk_steamed_eel, layout_basic, mainiacjoe_overflow_24_doors,
          nicolae_ossuary_entry_plus
Temple:   kilobyte_greek_temple

Skill      XL: |  1  2  3  4  5  6  7  8 |
---------------+-------------------------+-----
Axes           | 2 3 4 5 6 |  6.4
Invocations    | 1 2 3 4 |  4.8
Shields        | 4 |  4.0
Fighting       | 4 5 6 |  6.1
Armour         | 4 5 6 |  6.2

Action                   |  1- 3 |  4- 6 |  7- 9 || total
-------------------------+-------+-------+-------++-------
Melee: War axe           |   101 |   226 |   159 ||   486
  Use: Scroll            |     1 |     3 |     4 ||     8
       Potion            |       |     2 |     2 ||     4
Armor: Scale mail        |    13 |       |       ||    13
       Chain mail        |    54 |   174 |    68 ||   296
Dodge: Dodged            |    43 |   118 |    48 ||   209
Block: Buckler           |    24 |    46 |    31 ||   101

Table legend: (Time is in decaauts)
 A = Elapsed time spent in this place.
 B = Non-inter-level travel time spent in this place.
 C = Inter-level travel time spent in this place.
 D = Time resting spent in this place.
 E = Time spent auto-exploring this place.
 F = Levels seen in this place.
 G = Mean time per level.
                   A        B        C        D        E       F      G
               +--------+--------+--------+--------+--------+-----+--------+
         Total |   7461 |   7315 |    146 |   1217 |   4676 |   9 |  829.0 |
       Dungeon |   5397 |   5283 |    114 |    556 |   3726 |   6 |  899.5 |
        Temple |    307 |    275 |     32 |    107 |    137 |   1 |  307.0 |
         Sewer |    956 |    956 |      0 |    204 |    525 |   1 |  956.0 |
       Ossuary |    800 |    800 |      0 |    349 |    288 |   1 |  800.0 |
               +--------+--------+--------+--------+--------+-----+--------+

Top non-repeatable levels by time:
     D:4: 1168 daAuts
     D:3: 1045 daAuts
     D:1: 1012 daAuts
     D:5: 973 daAuts
   Sewer: 956 daAuts
 Ossuary: 800 daAuts
     D:2: 646 daAuts
     D:6: 550 daAuts
  Temple: 307 daAuts
